 Dungeon Crawl Stone Soup version 0.28-a0-563-gf77a47075d (webtiles) character file.

Game seed: 15494370088403229875

337 Shayle the Skirmisher (level 6, 0/94 HPs)
             Began as an Ogre Warper on Sept 30, 2021.
             Slain by a phantom (7 damage)
             ... on level 5 of the Dungeon.
             The game lasted 00:12:22 (4035 turns).

Shayle the Skirmisher (Ogre Warper)                 Turns: 4035, Time: 00:12:22

Health: 0/94       AC:  3    Str: 16    XL:     6   Next: 54%
Magic:  9/9        EV: 10    Int: 16    God:
Gold:   162        SH:  0    Dex:  8    Spells: 2/9 levels left

rFire   . . .      SeeInvis .   i - +2 short sword (elec)
rCold   . . .      Faith    .   (no shield)
rNeg    . . .      Spirit   .   b - +0 robe
rPois   .          Reflect  .   (helmet restricted)
rElec   .          Harm     .   l - scarf {+Inv}
rCorr   .          Rampage  .   (gloves unavailable)
Will    .....                   (boots unavailable)
Stlth   ..........              (no amulet)
HPRegen 0.25/turn               (no ring)
MPRegen 0.11/turn               (no ring)

@: mighty, berserking, lit by a corona, glowing, very quick
A: large, unfitting armour, tough skin 1
a: Evoke Invisibility


You were on level 5 of the Dungeon.
You visited 1 branch of the dungeon, and saw 4 of its levels.

You collected 162 gold pieces.

Inventory:

Hand Weapons
 a - a +0 spear
 i - a +2 short sword of electrocution (weapon)
Armour
 b - a +0 robe (worn)
 l - a scarf of invisibility (worn)
Jewellery
 k - an amulet of faith
Scrolls
 c - a scroll of blinking
 d - a scroll of amnesia {unknown}
 m - a scroll of torment {unknown}
 o - a scroll of identify
Potions
 f - 2 potions of haste
 h - a potion of brilliance
 j - a potion of berserk rage
 n - a potion of ambrosia {unknown}


   Skills:
 + Level 4.7 Fighting
 * Level 4.7 Polearms
 - Level 1.0 Throwing
 + Level 3.4 Dodging
 - Level 2.4 Spellcasting
 - Level 2.6 Translocations
 + Level 1.4 Fire Magic


You had 2 spell levels left.
You knew the following spells:

 Your Spells              Type           Power      Damage    Failure   Level
a - Blink                 Tloc           N/A        N/A       10%         2
b - Teleport Other        Tloc           10%        N/A       21%         3
c - Scorch                Fire           12%        2d6       17%         2

Your spell library contained the following spells:

 Spells                   Type           Power      Damage    Failure   Level
 Corpse Rot               Necr/Air       N/A        N/A       30%         2
 Poisonous Vapours        Pois/Air       2%         N/A       30%         2
 Gell's Gravitas          Tloc           5%         N/A       21%         3
 Lesser Beckoning         Tloc           10%        N/A       21%         3
 Flame Wave               Conj/Fire      4%         3d3       83%         4
 Manifold Assault         Tloc           10%        N/A       88%         5
 Summon Cactus Giant      Summ           0%         N/A       100%        6


Dungeon Overview and Level Annotations

Branches:
Dungeon (3/15)

Altars:

Annotations:
D:5 1 runed translucent door, Duvessa


Innate Abilities, Weirdness & Mutations

You are too large for most types of armour.
You have tough skin. (AC +1)


Message History

The puff of frost hits you!
You feel better. Dowan barely misses you.
You barely miss Dowan.
Dowan is severely wounded.
Dowan gestures at you while chanting. The puff of flame hits you!
* * * LOW HITPOINT WARNING * * *
You hit Dowan. Lightning courses through Dowan!
You kill Dowan!
You hear a distant scream of rage.
Okay, then.
You closely miss the phantom. The phantom hits you.
* * * LOW HITPOINT WARNING * * *
The phantom blinks!
You blink.
You feel better. The phantom hits you.
The phantom blinks!
You blink.
Found 19 arrows.
The phantom hits you.
* * * LOW HITPOINT WARNING * * *
The phantom blinks!
You blink.
You hit the phantom but do no damage. The phantom hits you.
* * * LOW HITPOINT WARNING * * *
The phantom blinks!
You blink.
Okay, then.
It was a potion of might.
You feel very mighty all of a sudden. The phantom hits you.
* * * LOW HITPOINT WARNING * * *
You hit the phantom.
The phantom is lightly damaged.
The phantom hits you.
* * * LOW HITPOINT WARNING * * *
The phantom blinks!
You blink.
It was a potion of berserk rage.
A red film seems to cover your vision as you go berserk!
You feel yourself moving faster!
You feel mighty! The phantom hits you.
* * * LOW HITPOINT WARNING * * *
You hit the phantom.
The phantom is moderately damaged.
The phantom hits you!
You die...

..... .....# ...#.#
### .....# ... .....#
#.. .(.#.# ##.## ##.#
.....# ... ...###
.....# # #.#
#...##### #....... ..
#@# #...##... .####.#
#.##W#####...$.... .#
# #...............#
.# #........§......#
.#
#.##.##...§....§#####
#.####.# #.
#.####............
.#.....# . ...
.(...$##.##### #.#
#.....#####...##.#
#.#
#....##.§§§......#


You could see a phantom.

Vanquished Creatures
  An ogre (D:3)
  Dowan (D:5)
  An iguana (D:5)
  4 gnolls
  5 adders
  4 worms (D:2)
  2 dart slugs
  6 orcs
  3 bats
  11 endoplasms
  3 giant cockroaches
  3 goblins
  7 hobgoblins
  7 jackals (D:2)
  2 kobolds (D:1)
  8 ball pythons
  3 frilled lizards
  3 rats
74 creatures vanquished.

Vanquished Creatures (collateral kills)
  A goblin (D:3)
1 creature vanquished.

Grand Total: 75 creatures vanquished

Notes
Turn   | Place    | Note
-------+----------+-------------------------------------------
     0 | D:1      | Shayle the Ogre Warper began the quest for the Orb.
     0 | D:1      | Reached XP level 1. HP: 22/22 MP: 3/3
   204 | D:1      | HP: 1/22 [frozen (5)]
   531 | D:1      | Reached XP level 2. HP: 19/31 MP: 5/5
  1569 | D:2      | Reached XP level 3. HP: 26/37 MP: 6/6
  1583 | D:2      | Found a faded altar of an unknown god.
  1997 | D:2      | Reached XP level 4. HP: 41/45 MP: 7/7
  2569 | D:2      | Reached XP level 5. HP: 54/54 MP: 8/8
  2820 | D:3      | Learned a level 2 spell: Blink
  2824 | D:3      | Learned a level 3 spell: Teleport Other
  2827 | D:3      | Learned a level 2 spell: Scorch
  3650 | D:3      | Noticed an ogre
  3664 | D:3      | Killed an ogre
  3665 | D:3      | Reached skill level 1 in Fire Magic
  3665 | D:3      | Reached XP level 6. HP: 58/63 MP: 9/9
  3906 | D:3      | You fall into a shaft and drop 2 floors!
  3906 | D:5      | Entered Level 5 of the Dungeon
  3906 | D:5      | Noticed Duvessa
  3906 | D:5      | Noticed Dowan
  3966 | D:5      | Found a runed translucent gate.
  4027 | D:5      | Killed Dowan
  4035 | D:5      | Slain by a phantom

Illustrated notes

Levels and vault maps discovered:
D:1:      dpeg_arrival_stone_temple_mockup, layout_loops_corners,
          minmay_ruptured
D:2:      layout_loops_ring, hellmonk_ecumenical_altar_lost_god,
          minmay_heptomino_w4
D:3:      layout_loops_ring, mainiacjoe_overflow_swirl
D:5:      layout_loops_ring, nicolae_dithmenos_through_a_glass_darkly,
          temple_hall, gammafunk_ghost_necromancy, portal_sewer_entry_d,
          uniq_duvessa, uniq_ijyb

Skill      XL: |  1  2  3  4  5 |
---------------+----------------+-----
Fighting       | 3 4 |  4.7
Polearms       | 3 4 |  4.7
Dodging        | 3 |  3.4
Fire Magic     | 1 |  1.4
Throwing       | |  1.0
Spellcasting   | |  2.4
Translocations | |  2.6

Action                   |  1- 3 |  4- 6 || total
-------------------------+-------+-------++-------
Melee: Spear             |    40 |       ||    40
       Short sword       |    53 |   149 ||   202
Throw: Boomerang         |     3 |     2 ||     5
 Cast: Teleport Other    |       |     4 ||     4
  Use: Scroll            |       |     5 ||     5
       Potion            |       |     6 ||     6
Armor: Robe              |    19 |    55 ||    74
Dodge: Dodged            |    39 |   111 ||   150

Table legend: (Time is in decaauts)
 A = Elapsed time spent in this place.
 B = Non-inter-level travel time spent in this place.
 C = Inter-level travel time spent in this place.
 D = Time resting spent in this place.
 E = Time spent auto-exploring this place.
 F = Levels seen in this place.
 G = Mean time per level.
                   A        B        C        D        E       F      G
               +--------+--------+--------+--------+--------+-----+--------+
         Total |   4057 |   3984 |     73 |    864 |   2228 |   4 | 1014.2 |
       Dungeon |   4057 |   3984 |     73 |    864 |   2228 |   4 | 1014.2 |
               +--------+--------+--------+--------+--------+-----+--------+

Top non-repeatable levels by time:
     D:2: 1503 daAuts
     D:1: 1502 daAuts
     D:3: 919 daAuts
     D:5: 132 daAuts
